 Dungeon Crawl Stone Soup version 0.25-a0-1007-g10a8c3caa8 (webtiles) character file.

Game seed: 15488145324854070093, levelgen mode: classic

7617 Amnesiac the Frost Mage (level 10, -1/50 HPs)
             Began as a Deep Elf Ice Elementalist on May 11, 2020.
             Was a Priest of Vehumet.
             Killed from afar by an orc wizard (8 damage)
             ... with a magic dart
             ... led by an orc high priest
             ... on level 1 of the Orcish Mines.
             The game lasted 00:22:21 (11746 turns).

Amnesiac the Frost Mage (DEIE)                     Turns: 11746, Time: 00:22:22

Health: -1/50      AC:  4    Str:  5    XL:     10   Next: 98%
Magic:  18/27      EV: 17    Int: 24    God:    Vehumet [***...]
Gold:   800        SH:  4    Dex: 15    Spells: 17/32 levels left

rFire    x . .     SeeInvis .   b - +0 hunting sling
rCold    + . .     Gourm    .   (no shield)
rNeg     . . .     Faith    .   j - +0 robe
rPois    .         Spirit   .   (no helmet)
rElec    .         Reflect  +   k - +0 cloak
rCorr    .         Harm     .   (no gloves)
MR       +....                  i - +0 pair of boots
Stlth    ++........             t - +4 amulet of reflection
HPRegen  0.16/turn              y - ring of ice
MPRegen  0.20/turn              H - +3 ring of evasion

@: frozen ramparts
A: no striking features
a: Renounce Religion


You were on level 1 of the Orcish Mines.
You worshipped Vehumet.
Vehumet was most pleased with you.
You were not hungry.

You visited 3 branches of the dungeon, and saw 11 of its levels.

You collected 950 gold pieces.
You spent 150 gold pieces at shops.

Inventory:

Hand Weapons
 a - a +0 scimitar of protection
 b - a +0 hunting sling (weapon)
 w - a +4 short sword of draining
Missiles
 d - 45 poisoned darts
 f - 198 stones (quivered)
 u - 44 sling bullets
Armour
 i - a +0 pair of boots (worn)
 j - a +0 robe (worn)
 k - a +0 cloak (worn)
 o - a +0 kite shield
 v - the cursed +0 leather armour of the Hidden Wonders {+Fly Int+7, unknown}
   (You found it on level 7 of the Dungeon)

   It affects your intelligence (+7).
   It lets you fly.
   It has a curse placed upon it.
 B - the +3 plate armour of Leatuk {+Fly rPois MP+9, unknown}
   (You found it on level 8 of the Dungeon)

   It protects you from poison.
   It affects your magic capacity (+9).
   It lets you fly.
 D - +0 acid dragon scales
Jewellery
 m - an uncursed ring of protection from fire
 t - a +4 amulet of reflection (around neck)
 y - a ring of ice (left hand)
 E - the ring of Satit {Str-3 Int+3 Dex+5}
   (You bought it in a shop on level 1 of the Orcish Mines)

   [ring of strength]

   It affects your strength (-3).
   It affects your intelligence (+3).
   It affects your dexterity (+5).
 F - an uncursed ring of protection from magic
 H - a +3 ring of evasion (right hand)
Wands
 n - a wand of random effects (9)
 z - a wand of disintegration (9)
 K - a wand of acid (6)
Scrolls
 e - 3 scrolls of teleportation {!r}
 s - 2 scrolls of fear {!r}
 G - a scroll of noise {!r}
 I - a scroll of enchant armour {!r}
Potions
 g - 2 potions of flight {!q, unknown}
 l - 5 potions of curing {!q, unknown}
 p - 4 potions of degeneration {!q, unknown}
 q - 5 potions of heal wounds {!q, unknown}
 r - 2 potions of ambrosia {!q, unknown}
 A - 2 potions of cancellation {!q, unknown}
 C - 2 potions of haste {!q}
Comestibles
 c - 20 rations
 h - 6 chunks of flesh


   Skills:
 + Level 4.1 Dodging
 - Level 3.0 Stealth
 - Level 4.0 Shields
 + Level 11.9 Spellcasting
 * Level 14.0 Ice Magic
 - Level 3.0 Evocations


You had 17 spell levels left.
You knew the following spells:

 Your Spells              Type           Power        Failure   Level  Hunger
a - Freeze                Ice            ####         0%          1    None
b - Frozen Ramparts       Ice            ######       1%          3    None
c - Summon Ice Beast      Ice/Summ       ######..     2%          4    None
d - Hailstorm             Conj/Ice       ######..     1%          4    None
z - Ozocubu's Armour      Chrm/Ice       ######..     1%          3    None

Your spell library contained the following spells:

 Spells                   Type           Power        Failure   Level  Hunger
 Searing Ray              Conj           ##....       1%          2    None


Dungeon Overview and Level Annotations

Branches:
Dungeon (9/15)             Temple (1/1) D:7            Lair (0/6) D:9
    Orc (1/2) D:9

Altars:
Ashenzari
Cheibriados
Dithmenos
Elyvilon
Fedhas
Gozag
Hepliaklqana
Kikubaaqudgha
Makhleb
Nemelex Xobeh
Okawaru
Qazlal
Ru
Sif Muna
Trog
Uskayaw
Vehumet
Wu Jian
Xom
Yredelemnul
Zin
The Shining One

Shops:
D:4 (   D:8 }   D:9 [   Orc:1 *

Annotations:
D:8 1 exclusion
Orc:1 2 runed translucent doors, exclusion: orange crystal statue


Message History

The hail pelts the orange demon!!
You kill the orange demon!
You feel sick.
The wall freezes the orc high priest!
The orc high priest mumbles some strange prayers to Beogh against you.
Beogh smites you!
* * * LOW HITPOINT WARNING * * *
You feel sick.
The wall freezes the orc high priest!
The orc high priest utters an invocation to Beogh.
The orc high priest is healed somewhat.
The wall freezes the orc warrior!
Casting: Hailstorm (dangerous; 1% risk of failure)
Confirm with . or Enter, or press ? or * to list all spells.
You feel a surge of power!
A cannonade of hail descends around you!
The hail pelts the orc high priest!
You kill the orc high priest!
Vehumet accepts your kill.
You feel your power returning.
Your Dodging skill increases to level 4!
The wall freezes the orc warrior.
You kill the orc warrior!
Vehumet accepts your kill.
You feel your power returning.
Your Ice Magic skill increases to level 14!
An orc comes into view. It is wielding a +0 antimagic dagger.
Unknown command.
Unknown command.
Okay, then.
You are too injured to fight recklessly!
You feel sick.
You feel sick.
You feel sick.
You see here a +0 giant club.
The frozen ramparts melt away.
You feel sick.
You start resting.
You feel sick.
The orc is too close now for your liking.
You feel sick.
Casting: Hailstorm (dangerous; 1% risk of failure)
Confirm with . or Enter, or press ? or * to list all spells.
You feel a surge of power!
The walls around you are covered in ice.
The wall freezes the orc.
You feel sick.
The wall freezes the orc!
You kill the orc!
Vehumet accepts your kill.
You see here a +0 antimagic dagger.
You see here a +0 giant club.
You start resting.
You feel sick.
The orc wizard is too close now for your liking.
The orc wizard shouts!
You see here a +0 antimagic dagger.
You feel sick.
You start resting.
You feel sick.
You are no longer poisoned.
You start resting.
The frozen ramparts melt away.
Casting: Frozen Ramparts (safe; 1% risk of failure)
Confirm with . or Enter, or press ? or * to list all spells.
You feel a surge of power!
The walls around you are covered in ice.
The wall freezes the orc wizard.
The orc wizard points at you and mumbles some strange words.
The magic dart hits you!
You die...

....## . ##....)....#.#.## .....#
#..............# .....### ###
##.#............ .....#.####.##
###.o.......... ......##.#...#
##............
..>..........#######............#
......##......#..o)).............
....######.......#########......#
..### ##.#....@# ..... #.......
.## #.>......#.#...#.#....... ..#
#####......#.......#....... ..#
#..........+...[...+....... .##
###..........#.......#....... ##
##............#.#...#.#.......
#.............#8..... #.......
###........#....#########..#....
##.........###...))).............


You could see an orc wizard.

Vanquished Creatures
  An orc high priest (Orc:1)
  An orc knight (Orc:1)
  A troll (Orc:1)
  A hippogriff (D:7)
  A yak (D:9)
  Grum (D:9)
  4 porcupines (D:9)
  An ice beast (D:6)
  A phantom (D:7)
  8 orc warriors
  A sky beast (D:6)
  7 ogres
  2 black bears
  3 wolves (D:9)
  2 centaurs
  2 crocodiles (D:9)
  6 bullfrogs
  A scorpion (D:9)
  6 killer bees (D:9)
  A howler monkey (D:6)
  A wight (D:6)
  A bullfrog zombie (D:8)
  2 crimson imps
  5 jellies
  A hound (D:5)
  A bullfrog skeleton (D:5)
  9 orc priests
  2 iguanas
  Jessica (D:3)
  A centaur skeleton (D:8)
  8 orc wizards
  8 worker ants
  A hound skeleton (D:5)
  3 gnolls (D:9)
  10 adders
  A shadow imp (D:9)
  5 oozes (D:9)
  An adder zombie (D:7)
  5 adder skeletons
  2 worms (D:2)
  2 dart slugs (D:1)
  5 leopard geckos
  48 orcs
  A ball python (D:1)
  5 giant cockroaches
  3 goblins
  7 hobgoblins
  16 jackals
  6 kobolds
  2 quokkas (D:4)
  8 bats
  7 frilled lizards
  2 quokka skeletons
  A quokka zombie (D:6)
  9 rats
  A fungus (D:9)
242 creatures vanquished.

Vanquished Creatures (collateral kills)
  An ugly thing (D:9)
  A manticore (D:8)
  Maggie (D:8)
  A hungry ghost (D:7)
  An ice beast (D:9)
  2 wights (D:6)
  A bullfrog zombie (D:8)
  A jelly (D:8)
  An iron imp (D:8)
  A worker ant (D:8)
  A nameless horror (D:6)
12 creatures vanquished.

Vanquished Creatures (others)
  A kobold (D:3)
  33 fungi (D:9)
  5 plants (D:9)
39 creatures vanquished.

Grand Total: 293 creatures vanquished

Notes
Turn   | Place    | Note
-------+----------+-------------------------------------------
     0 | D:1      | Amnesiac the Deep Elf Ice Elementalist began the quest for
                  | the Orb.
     0 | D:1      | Reached XP level 1. HP: 10/10 MP: 6/6
   232 | D:1      | Reached XP level 2. HP: 4/15 MP: 4/8
   694 | D:2      | Reached skill level 5 in Ice Magic
   729 | D:2      | Reached XP level 3. HP: 19/19 MP: 10/10
   734 | D:2      | Learned a level 3 spell: Frozen Ramparts
   738 | D:2      | Learned a level 3 spell: Ozocubu's Armour
  1102 | D:4      | Reached XP level 4. HP: 24/24 MP: 8/12
  1108 | D:4      | Learned a level 4 spell: Summon Ice Beast
  1145 | D:4      | Found a stormy altar of Qazlal.
  1331 | D:4      | Found Hunuihef's Antique Weapon Emporium.
  1456 | D:4      | Reached skill level 6 in Ice Magic
  1456 | D:4      | Reached XP level 5. HP: 28/28 MP: 9/14
  1821 | D:5      | Entered Level 5 of the Dungeon
  1885 | D:5      | Noticed an ogre
  1897 | D:5      | Reached skill level 5 in Spellcasting
  1902 | D:5      | Killed an ogre
  1902 | D:5      | Reached XP level 6. HP: 17/32 MP: 12/15
  2139 | D:5      | Reached skill level 7 in Ice Magic
  2231 | D:5      | Found a bloodstained altar of Trog.
  2478 | D:5      | Reached XP level 7. HP: 36/36 MP: 14/18
  2576 | D:5      | Reached skill level 8 in Ice Magic
  3120 | D:6      | Reached skill level 9 in Ice Magic
  3349 | D:6      | Reached XP level 8. HP: 41/41 MP: 15/21
  4039 | D:6      | Found a hazy altar of Hepliaklqana.
  4120 | D:6      | Reached skill level 10 in Ice Magic
  4411 | D:6      | Learned a level 4 spell: Hailstorm
  5023 | D:7      | Found a blossoming altar of Fedhas.
  5025 | D:7      | Found an ancient bone altar of Kikubaaqudgha.
  5064 | D:7      | Found a staircase to the Ecumenical Temple.
  5076 | Temple   | Entered the Ecumenical Temple
  5262 | Temple   | Became a worshipper of Vehumet
  5537 | D:7      | Got a fine leather armour
  5602 | D:7      | Noticed a hippogriff
  5619 | D:7      | Killed a hippogriff
  5619 | D:7      | Reached skill level 11 in Ice Magic
  5619 | D:7      | Reached skill level 1 in Evocations
  5619 | D:7      | Reached XP level 9. HP: 45/45 MP: 21/24
  5650 | D:7      | Found a white marble altar of Elyvilon.
  5727 | D:8      | Found Bais's Gadget Emporium.
  5910 | D:8      | Got a brightly glowing plate armour
  6018 | D:8      | Noticed a manticore
  6038 | D:8      | Killed a manticore
  6218 | D:8      | Noticed a deep troll
  6257 | D:8      | Noticed Maggie
  6277 | D:8      | Killed Maggie
  6411 | D:8      | Found a snail-covered altar of Cheibriados.
  6536 | D:8      | Found an iron altar of Okawaru.
  7459 | D:2      | Reached * piety under Vehumet
  7459 | D:2      | Offered knowledge of Foxfire by Vehumet.
  8290 | D:3      | Noticed Jessica
  8295 | D:3      | Killed Jessica
  8803 | D:9      | Reached skill level 10 in Spellcasting
  9015 | D:9      | Noticed a brown ugly thing
  9026 | D:9      | Killed a brown ugly thing
  9026 | D:9      | Reached skill level 1 in Shields
  9026 | D:9      | Reached skill level 12 in Ice Magic
  9211 | D:9      | Offered knowledge of Sandblast by Vehumet.
  9212 | D:9      | Reached ** piety under Vehumet
  9283 | D:9      | Reached XP level 10. HP: 14/50 MP: 21/26
  9546 | D:9      | Noticed Grum
  9561 | D:9      | Killed Grum
  9641 | D:9      | Found a staircase to the Lair.
  9791 | D:9      | Found Jafoh's Armour Shoppe.
  9801 | D:9      | Found an opulent altar of Gozag.
  9801 | D:9      | Found a shimmering blue altar of Sif Muna.
  9888 | D:9      | Reached skill level 13 in Ice Magic
 10051 | D:9      | Found a staircase to the Orcish Mines.
 10528 | Orc:1    | Entered Level 1 of the Orcish Mines
 10531 | Orc:1    | Found a runed translucent door.
 10536 | Orc:1    | Noticed an orange crystal statue
 10537 | Orc:1    | Found the +10 tower shield of Ignorance {rN+ Int-4}
 10801 | Orc:1    | Found Quhopt's Assorted Antiques.
 10804 | Orc:1    | Bought a flickering bone ring for 150 gold pieces
 10815 | Orc:1    | Noticed an orc knight
 10842 | Orc:1    | Killed an orc knight
 10858 | Orc:1    | Offered knowledge of Searing Ray by Vehumet.
 11156 | Orc:1    | Found a runed translucent door.
 11181 | Orc:1    | Identified the cursed ring of Satit {Str-3 Int+3 Dex+5}
                  | (You bought it in a shop on level 1 of the Orcish Mines)
 11410 | Orc:1    | Reached *** piety under Vehumet
 11667 | Orc:1    | Noticed an orc sorcerer
 11668 | Orc:1    | Noticed an orc knight
 11697 | Orc:1    | Noticed an orc high priest
 11700 | Orc:1    | Noticed an orange demon
 11718 | Orc:1    | Killed an orc high priest
 11718 | Orc:1    | Reached skill level 14 in Ice Magic
 11746 | Orc:1    | Killed from afar by an orc wizard

Illustrated notes

Levels and vault maps discovered:
D:1:      dpeg_arrival_short_road, layout_basic, minivault_26
D:2:      layout_rooms, first_ration
D:3:      layout_loops_ring, uniq_jessica
D:4:      layout_basic, nicolae_overflow_crystal_walls,
          minmay_misc_feat_enclosed, kennysheep_windowed_goal
D:5:      layout_rooms, kennysheep_little_box, kennysheep_generic_room_9
D:6:      layout_basic, kennysheep_mini_moat
D:7:      layout_rooms, grunt_temple_overflow_growth_and_decay,
          minmay_temple_entry_large_hall, basic_altar
D:8:      layout_cave_pools, slow_altar_1, nicolae_overflow_hidden_temple,
          serial_shops, shop, onia_ninara_dug_in_and_dangerous, uniq_maggie
D:9:      layout_cave_pods, chequers_temple_overflow_statue_of_worship,
          due_lair_maze_entry_diamond, serial_shops, kennysheep_mini,
          hangedman_little_slice_of_home, kennysheep_decorative_pillar,
          uniq_grum
Temple:   nicolae_temple_figure_eight
Orc:1:    layout_diamond_mine, serial_shops, nicolae_shop_behind_doors,
          chequers_guarded_unrand_ignorance

Skill      XL: |  1  2  3  4  5  6  7  8  9 10 |
---------------+-------------------------------+-----
Stealth        | 3 |  3.0
Ice Magic      | 5 6 7 9 11 12 14 | 14.0
Spellcasting   | 4 5 6 7 9 10 11 | 11.9
Dodging        | 3 4 |  4.1
Evocations     | 1 3 |  3.0
Shields        | 2 4 |  4.0

Action                   |  1- 3 |  4- 6 |  7- 9 | 10-12 || total
-------------------------+-------+-------+-------+-------++-------
Melee: Short sword       |    46 |    36 |    30 |       ||   112
       Scimitar          |       |       |    20 |       ||    20
 Fire: Hunting sling     |    10 |    41 |   299 |   128 ||   478
 Cast: Freeze            |    18 |     6 |    49 |    18 ||    91
       Frozen Ramparts   |     1 |    10 |    37 |    27 ||    75
       Summon Ice Beast  |       |       |    21 |       ||    21
       Hailstorm         |       |       |     8 |     2 ||    10
       Ozocubu's Armour  |       |       |     2 |     1 ||     3
  Use: Scroll            |       |       |     7 |     3 ||    10
 Stab: Sleeping          |     2 |       |       |       ||     2
  Eat: Chunk             |     1 |     4 |    16 |     7 ||    28
       Ration            |       |       |     2 |       ||     2
Armor: Robe              |     5 |    10 |    46 |     8 ||    69
Dodge: Dodged            |    45 |    29 |   166 |    49 ||   289
Block: Other             |       |     5 |    38 |    15 ||    58
       Reflection        |       |     1 |     1 |       ||     2
       Rpst.: Scimitar   |       |       |    20 |       ||    20

Table legend:
 A = Non-vault XP
 B = Vault XP
 C = Vault XP percentage of total XP
 D = Non-vault monster count
 E = Vault monster count
 F = Vault count percentage of total count
                 A         B        C        D         E       F
            +---------+---------+-------+---------+---------+-------
      Total |    8607 |    2275 |  20.9 |     226 |      27 |  10.7
            +---------+---------+-------+---------+---------+-------
        D:1 |      53 |       0 |   0.0 |      29 |       0 |   0.0
        D:2 |      42 |       0 |   0.0 |      15 |       0 |   0.0
        D:3 |     133 |      37 |  21.8 |      22 |       1 |   4.3
        D:4 |     179 |       6 |   3.2 |      19 |       3 |  13.6
        D:5 |     699 |       0 |   0.0 |      24 |       0 |   0.0
        D:6 |    1194 |       0 |   0.0 |      29 |       0 |   0.0
        D:7 |     706 |       0 |   0.0 |      11 |       0 |   0.0
        D:8 |     809 |     339 |  29.5 |      15 |       2 |  11.8
        D:9 |    1617 |    1893 |  53.9 |      29 |      21 |  42.0
      Orc:1 |    3175 |       0 |   0.0 |      33 |       0 |   0.0
            +---------+---------+-------+---------+---------+-------
